 Dungeon Crawl Stone Soup version 0.31-a0-1008-g5b978dac0e (webtiles) character file.

Game seed: 9700944886598960542

63 Revguard the Ducker (level 3, -9/28 HPs)
             Began as a Demonspawn Gladiator on Nov 13, 2023.
             Killed by divine providence
             ... invoked by an orc priest
              (14 damage)
             ... on level 3 of the Dungeon.
             The game lasted 00:05:50 (1312 turns).

Revguard the Ducker (Demonspawn Gladiator)          Turns: 1312, Time: 00:05:51

Health: -9/28      AC:  5    Str: 16    XL:     3   Next: 89%
Magic:  3/3        EV: 27    Int:  9    God:
Gold:   122        SH:  4    Dex: 14    Spells: 2/2 levels left

rFire   . .          .
                       - Unarmed
rCold   . . .        (no shield)
rNeg    . . .        b - +1 leather armour
rPois   .            c - +0 helmet
rElec   .            k - scarf {+Inv}
rCorr   .            (no gloves)
SInv    .            (no boots)
Will    .....        h - amulet of the acrobat
Stlth   +            (no ring)
HPRegen 0.24/turn    (no ring)
MPRegen 0.08/turn

%: acrobat
@: acrobatic
A: claws 1, condensation shield
a: Evoke Invisibility


You were on level 3 of the Dungeon.
You visited 1 branch of the dungeon, and saw 3 of its levels.

You collected 122 gold pieces.

Inventory:

Hand Weapons
 a - a +0 long sword
 m - a +0 short sword of electrocution
Missiles
 d - 3 throwing nets (quivered)
 e - a javelin
Armour
 b - a +1 leather armour (worn)
 c - a +0 helmet (worn)
 k - a scarf of invisibility (worn)
Jewellery
 f - an amulet of faith
 h - an amulet of the acrobat (around neck)
 p - an amulet of magic regeneration
Scrolls
 g - a scroll of teleportation {unknown}
 j - a scroll of blinking
 l - a scroll of enchant armour
Potions
 o - a potion of haste {unknown}


   Skills:
 * Level 2.6 Fighting
 - Level 2.8 Long Blades
 - Level 1.7 Throwing
 + Level 0.8 Armour
 + Level 2.9 Dodging
 + Level 0.3 Stealth
 * Level 1.2 Unarmed Combat
 - Level 0.8 Invocations
 + Level 1.0 Evocations


You had 2 spell levels left.
You didn't know any spells.
Your spell library contained the following spells:

 Spells                   Type           Power      Damage    Failure   Level
 Blink                    Tloc           0%         N/A       58%         2
 Lesser Beckoning         Tloc           0%         N/A       58%         2
 Momentum Strike          Conj/Tloc      0%         3d8       58%         2
 Hailstorm                Conj/Ice       0%         3d3       83%         3
 Summon Ice Beast         Ice/Summ       0%         N/A       99%         4
 Simulacrum               Ice/Necr       0%         N/A       100%        6


Dungeon Overview and Level Annotations

Branches:
Dungeon (3/15)

Altars:

Annotations:
D:3 Natasha


Innate Abilities, Weirdness & Mutations

You have sharp fingernails.
A meltable shield of frost defends you. (SH +4)


Message History

Natasha casts a spell.
Found a stone staircase leading down.
The cerulean imp disappears in a puff of smoke!
Found a glowing white potion and a scroll labelled KODAUL JORO.
The ball python attacks as it pursues you!
The ball python completely misses you. x2
Found a scroll labelled KUILYI XOMY.
The ball python attacks as it pursues you!
You block the ball python's attack. The ball python grabs you.
The ball python constricts you.
You escape the ball python's grasp.
An orc and a rat come into view.
The orc is wielding a +2 short sword of holy wrath.
Found a stone staircase leading down.
The ball python attacks as it pursues you!
The ball python completely misses you. The ball python closely misses you.
The cerulean imp closely misses you.
Natasha wildly gestures.
Natasha shimmers violently.
The cerulean imp misses you.
The ball python completely misses you. x2
The ball python completely misses you. The ball python misses you.
The cerulean imp misses you. The orc completely misses you.
The ball python attacks as it pursues you!
The ball python bites you.
* * * LOW HITPOINT WARNING * * *
The ball python completely misses you. The cerulean imp closely misses you.
The orc attacks as it pursues you!
The orc completely misses you. 2 orcs and an orc priest come into view.
Found a square emerald amulet.
The orc shouts!
The orc attacks as it pursues you!
The orc hits you with a +2 short sword of holy wrath.
* * * LOW HITPOINT WARNING * * *
You convulse.
* * * LOW HITPOINT WARNING * * *
The orc priest calls down the wrath of Beogh upon you.
Beogh smites you!
Ouch! That really hurt!
You die... #. #.# #.##.# #....# #...# #### #ooo#

#.#r...## #...#####
...#..##...###....S..# #...
.>..?..##.#o###.#####
#..###.##......@ggh......#
##...##.###.#..#..........#
##...##..##...............#
#.............##..?.......#
#.....?.!.....#############
..............#
..............#
..............#
.......########


You could see an orc priest, Natasha, 2 orcs, 2 goblins and a ball python.

Vanquished Creatures
  A gnoll (D:1)
  An adder (D:2)
  7 ball pythons
  5 bats
  5 endoplasms
  A giant cockroach (D:1)
  3 goblins (D:1)
  4 hobgoblins (D:1)
  6 jackals (D:1)
  2 kobolds (D:2)
  A quokka (D:1)
  3 rats (D:1)
39 creatures vanquished.

Notes
Turn   | Place    | Note
-------+----------+-------------------------------------------
     0 | D:1      | Revguard the Demonspawn Gladiator began the quest for the
                  | Orb.
     0 | D:1      | Reached XP level 1. HP: 16/16 MP: 1/1
   125 | D:1      | Gained mutation: You have sharp fingernails. [demonic
                  | ancestry]
   125 | D:1      | Reached XP level 2. HP: 20/22 MP: 2/2
   257 | D:1      | Gained mutation: A meltable shield of frost defends you.
                  | (SH +4) [demonic ancestry]
   257 | D:1      | Reached XP level 3. HP: 4/28 MP: 3/3
   543 | D:1      | Reached skill level 1 in Unarmed Combat
   934 | D:2      | Reached skill level 1 in Evocations
  1264 | D:3      | Noticed Natasha
  1312 | D:3      | Killed from afar by an orc priest

Illustrated notes

Levels and vault maps discovered:
D:1:      kennysheep_arrival_forest, layout_basic
D:2:      layout_rooms, dreamdust_princess_corridor
D:3:      layout_rooms, tso_oasis_becter, lexackson_kobold_supper, uniq_robin,
          uniq_natasha, uniq_ijyb

Skill      XL: |  1  2  3 |
---------------+----------+-----
Unarmed Combat | 1 |  1.2
Evocations     | 1 |  1.0
Fighting       | |  2.6
Long Blades    | |  2.8
Throwing       | |  1.7
Armour         | |  0.8
Dodging        | |  2.9
Stealth        | |  0.3
Invocations    | |  0.8

Action                     || total
---------------------------++-------
  Melee: Long sword        ||    83
         Punch             ||     2
         Short sword       ||    33
         Unarmed           ||    11
    Use: Scroll            ||     3
         Potion            ||     2
   Stab: Sleeping          ||     2
 Armour: Leather armour    ||    90
  Dodge: Dodged            ||   110
  Block: Other             ||    23

Table legend: (Time is in decaauts)
 A = Elapsed time spent in this place.
 B = Non-inter-level travel time spent in this place.
 C = Inter-level travel time spent in this place.
 D = Time resting spent in this place.
 E = Time spent auto-exploring this place.
 F = Levels seen in this place.
 G = Mean time per level.
                   A        B        C        D        E       F      G
               +--------+--------+--------+--------+--------+-----+--------+
         Total |   1329 |   1272 |     57 |    102 |    741 |   3 |  443.0 |
       Dungeon |   1329 |   1272 |     57 |    102 |    741 |   3 |  443.0 |
               +--------+--------+--------+--------+--------+-----+--------+

Top non-repeatable levels by time:
     D:1: 778 daAuts
     D:2: 503 daAuts
     D:3: 47 daAuts
